[Event "IIFL Wealth 4th Mumbai Open"]
[Site "Mumbai"]
[Date "2019.01.01"]
[Round "3"]
[White "Arnav Tiwari"]
[Black "Krishnan, Ritvik"]
[Result "1/2-1/2"]
[ECO "E61"]
[WhiteElo "2080"]
[BlackElo "1812"]
[Annotator "NA RC"]
[PlyCount "84"]
[EventDate "2018.12.30"]
[EventType "swiss"]
[EventCountry "IND"]
[SourceTitle "playchess.com"]
[Source "ChessBase"]
[SourceQuality "1"]
[TimeControl "40/5400+30:1800+30"]

1. d4 Nf6 2. c4 g6 3. Nc3 Bg7 4. Nf3 O-O 5. Bg5 d6 6. e3 c5 7. Be2 h6 8. Bh4 g5 9. Bg3 Nh5 10. Qc2 Nxg3 11. hxg3 f5 12. O-O g4 13. Nh4 cxd4 14. exd4 Bxd4 15. Rad1 Nc6 16. Bxg4 e6 17. Bf3 Bc5 18. Nb5 a6 19. Nc3 Nd4 20. Qd2 Qg5 21. Na4 Qxd2 22. Rxd2 e5 23. Bd5+ Kg7 24. Nxc5 dxc5 25. Nf3 Nxf3+ 26. Bxf3 e4 27. Be2 Be6 28. Rd6 Kf7 29. Rb6 Kf6 30. Rxb7 Rfd8 31. Rb6 Rd2 32. Re1 Ke7 33. g4 e3 34. fxe3 fxg4 35. Rb7+ Kf6 36. Rb6 Ke7 37. Rb7+ Kf6 38. Rb6 Ke7 39. Rb7+ Kf6 40. Rb6 Ke7 41. Rb7+ Kf6 42. Rb6 Ke7 1/2-1/2

[Event "IIFL Wealth 4th Mumbai Open"]
[Site "Mumbai"]
[Date "2019.01.01"]
[Round "3"]
[White "Sa, Kannan"]
[Black "Shashank, Chakradhari"]
[Result "1-0"]
[ECO "A45"]
[WhiteElo "2069"]
[BlackElo "1276"]
[Annotator "NA RC"]
[PlyCount "66"]
[EventDate "2018.12.30"]
[EventType "swiss"]
[EventCountry "IND"]
[SourceTitle "playchess.com"]
[Source "ChessBase"]
[SourceQuality "1"]
[TimeControl "40/5400+30:1800+30"]

1. d4 Nf6 2. Nh3 d5 3. Nf4 Nc6 4. e3 e5 5. dxe5 Nxe5 6. Be2 c6 7. O-O Ng6 8. Re1 Bd6 9. Bf3 Qc7 10. Nc3 Be6 11. g3 Ne5 12. Bg2 O-O-O 13. a3 g5 14. Nxe6 fxe6 15. Qd4 Kb8 16. e4 Rhg8 17. exd5 exd5 18. Be3 c5 19. Qa4 d4 {[#]} (19... Qc6 $16) 20. Nb5 $18 {Double Attack} Qb6 21. Bd2 a6 22. Nxd6 Qxd6 23. b4 c4 24. b5 c3 25. Bc1 Rde8 26. Rd1 axb5 27. Qxb5 Re7 28. Be3 Nc6 29. Rab1 Kc8 30. Bxg5 Rxg5 31. Qc5 Rf5 32. Qxf5+ {Ne4 Bf3+} Qe6 33. Be4 Nb8 1-0

[Event "IIFL Wealth 4th Mumbai Open"]
[Site "Mumbai"]
[Date "2019.01.01"]
[Round "3"]
[White "Vahdatian, Davood"]
[Black "Deshpande Jatin N"]
[Result "1-0"]
[ECO "B54"]
[WhiteElo "2036"]
[BlackElo "1564"]
[Annotator "NA RC"]
[PlyCount "53"]
[EventDate "2018.12.30"]
[EventType "swiss"]
[EventCountry "IND"]
[SourceTitle "playchess.com"]
[Source "ChessBase"]
[SourceQuality "1"]
[TimeControl "40/5400+30:1800+30"]

1. e4 c5 2. Nf3 d6 3. d4 cxd4 4. Nxd4 Nf6 5. f3 a6 6. c4 Nc6 7. Nc3 g6 8. Be3 Bg7 9. Be2 O-O 10. Qd2 Bd7 11. O-O Rc8 12. Rac1 Ne5 13. b3 h5 {[%emt 0:05:13] B38: Sicilian: Maroczy Bind with 5...Bg7 and 7...0-0} (13... Re8 14. Nd5 Bc6 15. Rfd1 h5 16. h3 Ned7 17. Bf1 Nh7 18. Bf2 Nhf8 19. b4 Kh7 20. Be3 Ba4 21. Re1 Bc6 {1-0 (45) Batchuluun,T (2499)-Khatanbaatar,B (2365) Ulaanbaatar 2015}) 14. Kh1 Kh7 15. Nc2 $146 ({Predecessor:} 15. f4 Neg4 16. Bg1 e5 17. Nf3 Bc6 18. Ng5+ Kg8 19. h3 Nh6 {1-0 (49) Krutti,V (2300)-Kinez,I (2110) Harkany 1996}) 15... Qc7 16. Nb4 Bc6 17. Rfd1 Qa5 18. Nxc6 bxc6 19. c5 Rfd8 20. cxd6 Rxd6 21. Nd5 Qd8 22. Nxf6+ Bxf6 23. Qc2 a5 $18 (23... Qa5 {was worth a try.} 24. f4 Rxd1+ 25. Rxd1 (25. Qxd1 Rd8 $16) 25... Ng4) 24. f4 Ng4 25. Bxg4 hxg4 26. e5 Rxd1+ 27. Rxd1 1-0

[Event "IIFL Wealth 4th Mumbai Open"]
[Site "Mumbai"]
[Date "2019.01.01"]
[Round "3"]
[White "Thatte, Ashish P"]
[Black "Sarvade Mihiir"]
[Result "1-0"]
[ECO "D53"]
[WhiteElo "1957"]
[BlackElo "1570"]
[Annotator "NA RC"]
[PlyCount "75"]
[EventDate "2018.12.30"]
[EventType "swiss"]
[EventCountry "IND"]
[SourceTitle "playchess.com"]
[Source "ChessBase"]
[SourceQuality "1"]
[TimeControl "40/5400+30:1800+30"]

1. d4 d5 2. c4 e6 3. Nc3 Nf6 4. Bg5 Be7 5. Nf3 h6 6. Bh4 O-O 7. cxd5 exd5 8. e3 c6 9. Qc2 Nbd7 10. Bd3 Re8 11. O-O Ne4 12. Bg3 Nxg3 13. hxg3 Nf6 14. Bf5 {[%emt 0:15:04] D36: Queen's Gambit Declined: Exchange Variation: Main line (5 Bg5 c6 6 Qc2)} (14. Rab1 Be6 15. Ne5 Ng4 16. Nxg4 Bxg4 17. b4 a6 18. a4 Rc8 19. Qb3 Be6 20. Rfc1 Qd6 21. b5 axb5 22. axb5 {0-1 (49) Vasilevich,T (2360)-Chan,N (1967) Sochi 2018}) 14... Bxf5 15. Qxf5 Qd7 $146 ({Predecessor:} 15... Bd6 16. Rab1 a5 17. a3 Qd7 18. Qc2 Qg4 19. b4 axb4 20. axb4 Qh5 21. b5 Ng4 22. bxc6 bxc6 {1-0 (36) Megalios,K (1933)-Kanellos,D (1959) Peristeri 2011}) 16. Qxd7 Nxd7 17. Rab1 a5 18. Ne1 Bb4 19. Nd3 Bxc3 20. bxc3 $11 b5 21. Rfe1 a4 22. g4 Re7 23. f3 Rae8 24. Kf2 Nb6 25. Nb4 Re6 26. e4 dxe4 27. Rxe4 Rxe4 28. fxe4 Rxe4 29. Nxc6 Nd5 30. Rxb5 Nxc3 31. Rc5 Nd1+ 32. Kg1 Rxg4 33. d5 Rg5 34. Rc2 Ne3 35. Rd2 Kf8 36. d6 Rxg2+ 37. Rxg2 Nxg2 38. d7 1-0

[Event "IIFL Wealth 4th Mumbai Open"]
[Site "Mumbai"]
[Date "2019.01.01"]
[Round "3"]
[White "Aditya, Varun Gampa"]
[Black "Adireddy Tarun"]
[Result "1-0"]
[ECO "A45"]
[WhiteElo "1809"]
[BlackElo "1661"]
[Annotator "NA RC"]
[PlyCount "111"]
[EventDate "2018.12.30"]
[EventType "swiss"]
[EventCountry "IND"]
[SourceTitle "playchess.com"]
[Source "ChessBase"]
[SourceQuality "1"]
[TimeControl "40/5400+30:1800+30"]

1. d4 Nf6 2. Bf4 e6 3. e3 c5 4. c3 Nc6 5. Nd2 d5 6. Ngf3 Bd6 7. Bg3 O-O 8. Bd3 b6 9. e4 {[%emt 0:00:28] D02: 1 d4 d5 2 Nf3 sidelines, including 2...Nf6 3 g3 and 2...Nf6 3 Bf4} Be7 10. e5 Nd7 (10... Nh5 11. Nf1 cxd4 12. Nxd4 Nxd4 13. cxd4 g6 14. Ne3 f5 15. exf6 Bxf6 16. Be2 Nxg3 17. hxg3 {½-½ (37) Nakamura,H (2787)-Svidler,P (2760) Moscow 2018}) 11. h4 f5 12. Ng5 $146 ({Predecessor:} 12. exf6 Rxf6 13. Qe2 cxd4 14. cxd4 Nb4 15. Bb1 Ba6 16. Qe3 Rc8 {0-1 (48) Vittal,S (1947)-Yu,J (2358) Saint Louis 2018}) 12... Bxg5 13. hxg5 g6 14. Nf3 Rf7 15. Qd2 c4 16. Bc2 Rb8 17. Ke2 b5 18. Rh6 Nf8 19. Rah1 Qe7 20. Nh4 Rg7 21. Bf4 Rb7 22. g4 Qf7 23. gxf5 exf5 24. Bd1 Be6 25. Kf1 a6 26. Ng2 Ra7 27. Be3 Rc7 28. Nf4 Ne7 29. Bf3 Rb7 30. R1h3 Ra7 31. Kg2 Rc7 32. Kh2 Rb7 33. b3 a5 34. Qb2 Nc6 35. bxc4 bxc4 36. Qa3 Qd7 37. Qc5 Ne7 38. Qxa5 Ra7 39. Qb6 Rxa2 40. Qd6 Ra7 41. Kg2 Nc8 42. Nxd5 Nxd6 43. Nf6+ Kf7 44. Nxd7 Rxd7 45. exd6 Rxd6 46. Bf4 Rd7 47. Be5 Rg8 48. Rh1 Rd8 $18 (48... Rg7 $142 49. Ra1 Bd5 50. Bxd5+ Rxd5 51. Bxg7 Kxg7) 49. Ra1 Rc8 50. Ra7+ Ke8 51. Bf6 Nd7 52. Rxh7 Bf7 53. Rxf7 Kxf7 54. Bd5+ Kf8 55. Rxd7 Rc7 56. Rd8# 1-0

[Event "IIFL Wealth 4th Mumbai Open"]
[Site "Mumbai"]
[Date "2019.01.01"]
[Round "3"]
[White "Devesh, Anand Naik"]
[Black "Rushyendra Chowdary Kantipudi"]
[Result "0-1"]
[ECO "B24"]
[WhiteElo "1763"]
[BlackElo "1527"]
[Annotator "NA RC"]
[PlyCount "86"]
[EventDate "2018.12.30"]
[EventType "swiss"]
[EventCountry "IND"]
[SourceTitle "playchess.com"]
[Source "ChessBase"]
[SourceQuality "1"]
[TimeControl "40/5400+30:1800+30"]

1. e4 c5 2. Nc3 Nc6 3. Bb5 Nd4 4. Bc4 e6 5. Nf3 Nc6 6. d4 cxd4 7. Nxd4 Nf6 8. Be3 Bb4 9. Nxc6 bxc6 10. Bd3 d5 11. exd5 cxd5 12. O-O O-O 13. Bd4 Bb7 14. Ne2 Bd6 15. f4 Qe7 16. c3 Bc5 17. Bxc5 Qxc5+ 18. Nd4 Rab8 19. Qe2 Rfe8 20. Rf3 Qd6 21. Raf1 Ne4 22. Rh3 g6 23. Qg4 f5 24. Qh4 Qe7 25. Qxe7 Rxe7 26. Re3 Kf7 27. Nf3 Kf6 28. Ne5 g5 29. Rh3 gxf4 30. Nf3 Rg8 31. Nd4 e5 32. Rh6+ Rg6 33. Rxg6+ hxg6 34. Ne2 Nc5 35. Bc2 Ba6 36. Rf2 d4 37. cxd4 exd4 38. Bd1 d3 39. Nc3 Re1+ 40. Rf1 d2 41. Be2 Bxe2 42. Nxe2 d1=Q 43. Rxe1 Qxe1# 0-1

[Event "IIFL Wealth 4th Mumbai Open"]
[Site "Mumbai"]
[Date "2019.01.01"]
[Round "3"]
[White "Kapadi, Yash"]
[Black "Kambli, Pushkaraj"]
[Result "1-0"]
[ECO "A08"]
[WhiteElo "1749"]
[BlackElo "1518"]
[Annotator "NA RC"]
[PlyCount "65"]
[EventDate "2018.12.30"]
[EventType "swiss"]
[EventCountry "IND"]
[SourceTitle "playchess.com"]
[Source "ChessBase"]
[SourceQuality "1"]
[TimeControl "40/5400+30:1800+30"]

1. Nf3 c5 2. g3 d5 3. Bg2 Nf6 4. O-O Nc6 5. d4 e6 6. c4 Be7 7. Nc3 h6 8. cxd5 exd5 9. a3 O-O 10. dxc5 Bxc5 11. b4 Be7 12. Bb2 Be6 13. Nd4 Rc8 14. Nxe6 fxe6 15. Qb3 Nd4 16. Qd1 Nc6 17. Bh3 Qd7 18. e4 Rcd8 19. exd5 Nxd5 20. Ne4 Rde8 21. Re1 Nd8 22. Nc3 Qc6 23. Rc1 Qb6 24. Ne4 a5 25. Bd4 Qb5 26. Nc5 axb4 27. Nxe6 Nxe6 28. Bxe6+ Kh7 29. Qg4 g6 30. a4 Qa5 31. Re5 Rd8 32. Bxd5 Bf6 33. Be4 1-0

[Event "IIFL Wealth 4th Mumbai Open"]
[Site "Mumbai"]
[Date "2019.01.01"]
[Round "3"]
[White "Arhan, Chethan Anand"]
[Black "Ratnapriya K"]
[Result "1/2-1/2"]
[ECO "E32"]
[WhiteElo "1710"]
[BlackElo "1508"]
[Annotator "NA RC"]
[PlyCount "161"]
[EventDate "2018.12.30"]
[EventType "swiss"]
[EventCountry "IND"]
[SourceTitle "playchess.com"]
[Source "ChessBase"]
[SourceQuality "1"]
[TimeControl "40/5400+30:1800+30"]

1. d4 Nf6 2. c4 e6 3. Nc3 Bb4 4. Qc2 O-O 5. a3 Bxc3+ 6. Qxc3 b6 7. Bg5 Bb7 8. e3 h6 9. Bh4 d6 10. Nf3 g5 11. Bg3 Ne4 12. Qc2 f5 13. Bd3 Nd7 14. O-O-O Qf6 15. Kb1 e5 16. Ne1 exd4 17. exd4 c5 18. d5 Nxg3 19. hxg3 Ne5 20. Be2 Bc8 21. f4 Ng4 22. Rc1 Nf2 23. Rf1 Ne4 24. Rf3 g4 25. Re3 Qd4 26. Qd3 Nd2+ 27. Ka2 Bd7 {Kb1 Bc8+ Ka2 Bd7} 28. Rd1 Qxd3 29. Bxd3 Rae8 30. Nc2 Ne4 31. Bxe4 fxe4 32. Rde1 Bf5 33. Rc3 h5 34. Ne3 Bg6 35. Rh1 Kg7 36. Rcc1 Kg8 37. Rc3 Kg7 38. Rcc1 Rh8 39. Rcf1 Kf6 40. Kb3 Bf5 41. Kc3 Kg6 42. Rh4 Rh7 43. Rfh1 Reh8 44. Kd2 Kf6 45. a4 Bd7 46. b3 Bf5 47. Nd1 Kg6 48. Ke3 a6 49. Nc3 Rb7 50. Ra1 Rbh7 51. Rah1 Rb7 52. Ra1 Rhb8 53. Rhh1 Re7 54. Rab1 Reb7 55. Ra1 Re7 56. Rhb1 Reb7 57. b4 Bd7 58. b5 a5 59. Rh1 Bf5 60. Rh4 Rh7 61. Rah1 Re8 62. Ra1 Rb8 63. Rah1 Re8 64. Re1 Rhe7 65. Nd1 Rh7 66. Nc3 Rhe7 67. Nd1 Rh7 68. Kd2 Rhe7 69. Ne3 Rh7 70. Reh1 Reh8 71. Nxf5 Kxf5 72. Ke3 Rh6 73. R1h2 R6h7 74. Rh1 Rh6 75. Rc1 R6h7 76. Rch1 Rh6 77. R1h2 R6h7 78. Rh1 Rh6 79. R1h2 R6h7 80. Rh1 Rh6 81. R1h2 {Ke5} 1/2-1/2

[Event "IIFL Wealth 4th Mumbai Open"]
[Site "Mumbai"]
[Date "2019.01.01"]
[Round "3"]
[White "Tamhankar, Siddhant"]
[Black "Abhinav Dubey"]
[Result "0-1"]
[ECO "B90"]
[WhiteElo "1704"]
[BlackElo "1425"]
[Annotator "NA RC"]
[PlyCount "76"]
[EventDate "2018.12.30"]
[EventType "swiss"]
[EventCountry "IND"]
[SourceTitle "playchess.com"]
[Source "ChessBase"]
[SourceQuality "1"]
[TimeControl "40/5400+30:1800+30"]

1. e4 c5 2. Nf3 d6 3. d4 cxd4 4. Nxd4 Nf6 5. Nc3 a6 6. Bc4 e6 7. Bb3 Nbd7 8. O-O Nc5 9. f4 b5 10. e5 Nfd7 11. Nf3 dxe5 12. fxe5 Be7 13. Qe2 O-O 14. Bf4 Bb7 15. Rad1 Rc8 16. Kh1 Qc7 17. a3 Qb6 18. Be3 Qc7 19. Bf4 Qb6 20. Ng5 h6 21. Nh3 Qc6 22. Rf3 Nxb3 23. cxb3 Nc5 24. Re3 Rfd8 25. Rf1 Nxb3 26. Rg3 Nd4 27. Qh5 Nf5 28. Rg4 g6 29. Rxg6+ fxg6 30. Qxg6+ Ng7 31. Bxh6 Qxg2+ 32. Qxg2 Bxg2+ 33. Kxg2 Nf5 34. Bg5 Bxg5 35. Nxg5 Ne3+ 36. Kf2 Nxf1 37. Kxf1 Rd2 38. Ne2 Rcc2 0-1

[Event "IIFL Wealth 4th Mumbai Open"]
[Site "Mumbai"]
[Date "2019.01.01"]
[Round "3"]
[White "Mayank, Chakraborty"]
[Black "Apoorv, Kamble"]
[Result "0-1"]
[ECO "B16"]
[WhiteElo "1691"]
[BlackElo "1458"]
[Annotator "NA RC"]
[PlyCount "108"]
[EventDate "2018.12.30"]
[EventType "swiss"]
[EventCountry "IND"]
[SourceTitle "playchess.com"]
[Source "ChessBase"]
[SourceQuality "1"]
[TimeControl "40/5400+30:1800+30"]

1. e4 c6 2. d4 d5 3. Nd2 dxe4 4. Nxe4 Nf6 5. Nxf6+ gxf6 6. Nf3 Bf5 7. Bd3 Bg6 8. Bf4 e6 9. O-O Bd6 10. Bxd6 Qxd6 11. Bxg6 hxg6 12. Qd3 Nd7 13. c3 O-O-O 14. a4 Ne5 15. Nxe5 fxe5 16. g3 Qd5 17. f3 exd4 18. cxd4 Qxd4+ 19. Qxd4 Rxd4 20. Rf2 Rhd8 21. Kg2 a5 22. h4 Rb4 23. Ra3 Rdd4 24. b3 Rd3 25. Rb2 Kd7 26. Kf2 c5 27. Ke2 c4 28. Rc2 Rdxb3 29. Rxb3 cxb3 30. Rb2 f5 31. Kd3 b5 32. axb5 a4 33. Kc3 Rxb5 34. Kc4 Ra5 35. Kb4 Ra6 36. Ka3 Kc6 37. Re2 Kd5 38. g4 fxg4 39. fxg4 e5 40. h5 gxh5 41. gxh5 e4 42. Rh2 Rh6 43. Rh4 e3 44. Kxa4 b2 45. Rh1 Ra6+ 46. Kb3 Rb6+ 47. Kc2 b1=Q+ 48. Rxb1 Rxb1 49. Kd3 Rb3+ 50. Ke2 Ke4 51. h6 Rb2+ 52. Kf1 Kf3 53. Kg1 e2 54. h7 e1=Q# 0-1

[Event "IIFL Wealth 4th Mumbai Open"]
[Site "Mumbai"]
[Date "2019.01.01"]
[Round "3"]
[White "Makwana, Devam"]
[Black "Adarsh, Sanklecha"]
[Result "1-0"]
[ECO "C23"]
[WhiteElo "1617"]
[BlackElo "1414"]
[Annotator "NA RC"]
[PlyCount "45"]
[EventDate "2018.12.30"]
[EventType "swiss"]
[EventCountry "IND"]
[SourceTitle "playchess.com"]
[Source "ChessBase"]
[SourceQuality "1"]
[TimeControl "40/5400+30:1800+30"]

1. e4 e5 2. Bc4 Bc5 3. Nc3 Nf6 4. d3 Nc6 5. f4 d6 6. Nf3 Ng4 7. Ng5 Nf2 8. Qh5 g6 9. Bxf7+ Kd7 10. Be6+ Ke8 11. Qh6 Bxe6 12. Nxe6 Qe7 13. Nd5 Qf7 14. Rf1 Ng4 15. Qh3 h5 16. Nexc7+ Kd7 17. Nxa8 Rxa8 18. Bd2 exf4 19. Rxf4 Qe6 20. O-O-O Nd4 21. Rxg4 Rc8 22. Rxg6 Qxh3 23. gxh3 1-0

[Event "IIFL Wealth 4th Mumbai Open"]
[Site "Mumbai"]
[Date "2019.01.01"]
[Round "3"]
[White "Joel Paul G"]
[Black "Amrit, Raunak"]
[Result "0-1"]
[ECO "C70"]
[WhiteElo "1603"]
[BlackElo "1410"]
[Annotator "NA RC"]
[PlyCount "88"]
[EventDate "2018.12.30"]
[EventType "swiss"]
[EventCountry "IND"]
[SourceTitle "playchess.com"]
[Source "ChessBase"]
[SourceQuality "1"]
[TimeControl "40/5400+30:1800+30"]

1. e4 e5 2. Nf3 Nc6 3. Bb5 a6 4. Ba4 b5 5. Bb3 Nf6 6. Qe2 Bc5 7. c3 O-O 8. d3 h6 9. Be3 Ba7 10. O-O d6 11. Nbd2 Be6 12. a4 Bxb3 13. Nxb3 bxa4 14. Rxa4 Qd7 15. Rfa1 Bxe3 16. fxe3 Rfb8 17. Nfd2 Rb6 18. R1a3 Qe8 19. Qd1 Qc8 20. d4 exd4 21. exd4 Rbb8 22. Qe2 Rb6 23. e5 dxe5 24. dxe5 Nh7 25. Nc4 Rb5 26. Qe4 Ne7 27. Nd4 Ng5 28. Qe3 Rbb8 29. Ra1 Nd5 30. Qg3 Nb6 31. Nc6 Qe8 32. Nxb6 Rxb6 33. Nb4 Qd7 34. h4 Ne4 35. Qf3 f5 36. exf6 Re8 37. fxg7 Rg6 38. Rxa6 Rg3 39. Rd1 Qh3 40. Qf1 Rxg7 41. Rd3 Qxh4 42. Rh3 Qxh3 43. Nd5 Qh4 44. Qe2 Nd6 0-1

[Event "IIFL Wealth 4th Mumbai Open"]
[Site "Mumbai"]
[Date "2019.01.01"]
[Round "3"]
[White "Bharadia Yash"]
[Black "Tanuj, Dayal"]
[Result "1-0"]
[ECO "B43"]
[WhiteElo "1584"]
[BlackElo "1803"]
[Annotator "NA RC"]
[PlyCount "73"]
[EventDate "2018.12.30"]
[EventType "swiss"]
[EventCountry "IND"]
[SourceTitle "playchess.com"]
[Source "ChessBase"]
[SourceQuality "1"]
[TimeControl "40/5400+30:1800+30"]

1. e4 c5 2. Nf3 e6 3. d4 cxd4 4. Nxd4 a6 5. Nc3 Qc7 6. Bd3 Bb4 7. Bd2 Nc6 8. Nxc6 bxc6 9. O-O Nf6 10. Nb5 axb5 11. Bxb4 Bb7 12. Qf3 c5 13. Bc3 c4 14. Bxf6 cxd3 15. Bxg7 Rg8 16. Bc3 dxc2 17. Qe3 Qc4 18. f3 b4 19. Bf6 Rg6 20. e5 Rc8 21. b3 Qc3 22. Qxc3 Rxc3 23. Kh1 d5 24. Rac1 d4 25. Rf2 d3 26. Rd2 Bd5 27. h4 Kd7 28. Kg1 Bxf3 29. Bg5 Bd5 30. Rf2 Kc6 31. Bd2 Kb5 32. h5 Rg4 33. h6 Rc8 34. Kh2 Rcg8 35. g3 Rxg3 36. Rcf1 R3g4 37. Bc1 1-0

[Event "IIFL Wealth 4th Mumbai Open"]
[Site "Mumbai"]
[Date "2019.01.01"]
[Round "3"]
[White "Pingale Shivraj"]
[Black "Vivaan, Vijay Saraogi"]
[Result "1-0"]
[ECO "B01"]
[WhiteElo "1580"]
[BlackElo "1290"]
[Annotator "NA RC"]
[PlyCount "129"]
[EventDate "2018.12.30"]
[EventType "swiss"]
[EventCountry "IND"]
[SourceTitle "playchess.com"]
[Source "ChessBase"]
[SourceQuality "1"]
[TimeControl "40/5400+30:1800+30"]

1. e4 d5 2. exd5 Nf6 3. d4 Bg4 4. f3 Bf5 5. c4 e6 6. dxe6 Nc6 7. Bd3 fxe6 8. Bxf5 exf5 9. Ne2 Bb4+ 10. Bd2 Bxd2+ 11. Qxd2 O-O 12. O-O Re8 13. Nbc3 Qd7 14. Rad1 Rad8 15. b3 h6 16. Rfe1 Nh7 17. d5 Ne5 18. Nd4 Qf7 19. Qc2 g6 20. Ne6 Qf6 21. Nxd8 Rxd8 22. f4 Ng4 23. h3 Qb6+ 24. Kh1 Nf2+ 25. Kh2 Nxd1 26. Qxd1 Qf6 27. Qd3 Qd6 28. Qe3 Nf8 29. Nb5 Qd7 30. Qc5 Rc8 31. Re7 Qd8 32. d6 c6 33. Qe5 Qxe7 34. dxe7 cxb5 35. exf8=Q+ Rxf8 36. Qxb5 g5 37. fxg5 hxg5 38. Qxb7 Rf7 39. Qxf7+ Kxf7 40. Kg3 Kf6 41. c5 Ke6 42. b4 Kd5 43. h4 f4+ 44. Kg4 gxh4 45. Kxf4 Kc6 46. Kg4 a5 47. a3 axb4 48. axb4 Kb5 49. Kxh4 Kc6 50. g4 Kb5 51. g5 Kc6 52. g6 Kb5 53. g7 Kc6 54. g8=Q Kb5 55. Qb8+ Kc6 56. Qb6+ Kd7 57. c6+ Kd6 58. c7+ Kd7 59. Qb7 Kd6 60. c8=Q Ke5 61. Qbd7 Ke4 62. Qce8+ Kf3 63. Qf5+ Kg2 64. Qeg6+ Kh2 65. Qh3# 1-0

[Event "IIFL Wealth 4th Mumbai Open"]
[Site "Mumbai"]
[Date "2019.01.01"]
[Round "3"]
[White "Laddha, Shubh Jayesh"]
[Black "Samrat, Ghorai"]
[Result "0-1"]
[ECO "B40"]
[WhiteElo "1567"]
[BlackElo "1984"]
[Annotator "NA RC"]
[PlyCount "95"]
[EventDate "2018.12.30"]
[EventType "swiss"]
[EventCountry "IND"]
[SourceTitle "playchess.com"]
[Source "ChessBase"]
[SourceQuality "1"]
[TimeControl "40/5400+30:1800+30"]

1. e4 c5 2. Nf3 e6 3. d3 Nc6 4. g3 d6 5. Bg2 e5 6. O-O g6 7. Nbd2 Bg7 8. Re1 Be6 9. Nf1 h6 10. Be3 Nge7 11. Qd2 f5 12. c3 Qd7 13. Qe2 O-O 14. Bd2 f4 15. gxf4 exf4 16. Rad1 $19 (16. h4 {might work better.}) 16... g5 17. d4 Bh3 18. Bxh3 Qxh3 19. Kh1 Qh5 20. dxc5 dxc5 21. Ng1 g4 22. f3 g3 23. Qg2 Ne5 24. Qh3 Qxh3 25. Nxh3 Nxf3 26. Re2 Rad8 27. hxg3 fxg3 28. Nxg3 Be5 29. Kg2 Kh7 30. Rf2 Nh4+ 31. Kh2 Rf3 32. Rxf3 Nxf3+ 33. Kg2 Rxd2+ 34. Rxd2 Nxd2 35. Nf2 Bxg3 36. Kxg3 Nc6 37. Kf4 Kg6 38. b3 c4 39. b4 Nb1 40. Nd1 Kf6 41. a4 h5 42. b5 Ne5 43. a5 h4 44. b6 a6 45. Ne3 Nxc3 46. Nd1 Ng6+ 47. Ke3 Nxd1+ 48. Kd4 0-1

[Event "IIFL Wealth 4th Mumbai Open"]
[Site "Mumbai"]
[Date "2019.01.01"]
[Round "3"]
[White "Vedant Nitin vekhande"]
[Black "Kothari, Swapnil"]
[Result "0-1"]
[ECO "B83"]
[WhiteElo "1564"]
[BlackElo "1870"]
[Annotator "NA RC"]
[PlyCount "180"]
[EventDate "2018.12.30"]
[EventType "swiss"]
[EventCountry "IND"]
[SourceTitle "playchess.com"]
[Source "ChessBase"]
[SourceQuality "1"]
[TimeControl "40/5400+30:1800+30"]

1. e4 c5 2. Nf3 d6 3. d4 cxd4 4. Nxd4 Nf6 5. Nc3 Nc6 6. Be3 e6 7. Be2 Be7 8. O-O O-O 9. f4 Bd7 10. Qe1 Rc8 11. Rd1 a6 12. Nxc6 Bxc6 13. Bf3 Qc7 14. Qf2 b5 15. a3 Qb7 16. e5 dxe5 17. fxe5 Ne4 18. Nxe4 Bxe4 19. c3 Bxf3 20. Qxf3 Qc7 21. Bd4 Bc5 22. Qe3 Bxd4 23. cxd4 Qb7 24. Qf3 Qb6 25. Qf2 Qb7 26. Qf3 Qa7 27. Qf2 Qe7 28. Rc1 Rfd8 29. h3 Rc7 30. Rxc7 Qxc7 31. Rd1 Qc4 32. Qd2 h6 33. Qd3 Qd5 34. Qf3 Qd7 35. Kh2 Qc7 36. Qc3 Qd7 37. Qf3 Qc7 38. Qc3 Qb8 39. Qc6 Rxd4 40. Rxd4 Qxe5+ 41. Kh1 Qe1+ 42. Kh2 Qe5+ 43. Kh1 Qxd4 44. Qe8+ Kh7 45. Qxf7 Qxb2 46. Qxe6 Qa1+ 47. Kh2 Qxa3 48. Qf5+ Kg8 49. Qc8+ Qf8 50. Qxa6 Qb8+ 51. g3 b4 52. Qe6+ Kh8 53. Qb3 Qb6 54. Kg2 Qc5 55. Kf3 Qf5+ 56. Kg2 Qe4+ 57. Kf2 Qd4+ 58. Kf3 Qf6+ 59. Ke4 Qd6 60. h4 Qd2 61. Qf7 Qg2+ 62. Kd4 Qxg3 63. h5 Qc3+ 64. Ke4 Qc2+ 65. Kd4 b3 66. Qe8+ Kh7 67. Qg6+ Qxg6 68. hxg6+ Kxg6 69. Kc3 h5 70. Kxb3 h4 71. Kc3 h3 72. Kd3 h2 73. Ke3 h1=R 74. Ke4 Rf1 75. Ke5 Kf7 76. Ke4 g5 77. Ke5 g4 78. Ke4 g3 79. Ke3 g2 80. Ke4 g1=R 81. Kd5 Rf6 82. Ke5 Rg5+ 83. Ke4 Ra5 84. Kd4 Rf4+ 85. Ke3 Rb4 86. Kd3 Ra3+ 87. Kc2 Rh4 88. Kb2 Rg3 89. Kc2 Rh2+ 90. Kd1 Rg1# 0-1

[Event "IIFL Wealth 4th Mumbai Open"]
[Site "Mumbai"]
[Date "2019.01.01"]
[Round "3"]
[White "Jain Adi"]
[Black "Abhinessh, S."]
[Result "0-1"]
[ECO "A37"]
[WhiteElo "1545"]
[BlackElo "1790"]
[Annotator "NA RC"]
[PlyCount "82"]
[EventDate "2018.12.30"]
[EventType "swiss"]
[EventCountry "IND"]
[SourceTitle "playchess.com"]
[Source "ChessBase"]
[SourceQuality "1"]
[TimeControl "40/5400+30:1800+30"]

1. Nf3 c5 2. c4 Nc6 3. g3 g6 4. Nc3 Bg7 5. Bg2 f5 6. d3 Nf6 7. O-O O-O 8. Bd2 d6 9. Rb1 e5 10. Ne1 Be6 11. Nc2 d5 12. cxd5 Nxd5 13. Ne3 Nde7 14. a3 Rb8 15. Na4 b6 16. b4 cxb4 17. axb4 Nd4 18. b5 f4 19. Nc4 Bd5 20. f3 Nef5 21. gxf4 exf4 22. Bxf4 Nxe2+ 23. Qxe2 Nd4 24. Qe3 Rxf4 25. Nc3 Rh4 26. Ne5 Nf5 27. Qe1 Bb7 28. Nc6 Bxc6 29. bxc6 Qd4+ 30. Rf2 Qxc3 31. Qe6+ Kh8 32. Qd7 Bd4 33. c7 Bxf2+ 34. Kxf2 Rg8 35. Re1 Rxh2 36. Re2 Qc5+ 37. Ke1 Qg1+ 38. Bf1 Rxe2+ 39. Kxe2 Ng3+ 40. Kd2 Nxf1+ 41. Kd1 Qf2 0-1

[Event "IIFL Wealth 4th Mumbai Open"]
[Site "Mumbai"]
[Date "2019.01.01"]
[Round "3"]
[White "Sheikh Jahan"]
[Black "Shivasubramanian, R."]
[Result "0-1"]
[ECO "C12"]
[WhiteElo "1526"]
[BlackElo "1738"]
[Annotator "NA RC"]
[PlyCount "94"]
[EventDate "2018.12.30"]
[EventType "swiss"]
[EventCountry "IND"]
[SourceTitle "playchess.com"]
[Source "ChessBase"]
[SourceQuality "1"]
[TimeControl "40/5400+30:1800+30"]

1. e4 e6 2. d4 d5 3. Nc3 Nf6 4. Bg5 Bb4 5. exd5 Qxd5 6. Bxf6 gxf6 7. Qd3 Nc6 8. Nge2 Bxc3+ 9. Qxc3 e5 10. dxe5 fxe5 11. f3 Bf5 12. Ng3 Bg6 13. Bc4 Qd4 14. Qxd4 Nxd4 15. Bb3 Bxc2 16. Kf2 Bxb3 17. axb3 Nxb3 18. Ra3 Nd4 19. Re3 f6 20. f4 O-O 21. Re4 Ne6 22. fxe5 fxe5+ 23. Ke3 Nf4 24. Rd1 Nxg2+ 25. Ke2 Nf4+ 26. Ke3 Rae8 27. Rd7 Rf7 28. Rd1 Kg7 29. h4 Re6 30. h5 Rb6 31. Rg1 Rxb2 32. Rxe5 Ng2+ 33. Kd4 Kf8 34. h6 Nh4 35. Kc3 Ng2 36. Kd4 Nh4 37. Kc3 Rb6 38. Rge1 Rb2 39. Rg1 Rb6 40. Rge1 Rf3+ 41. Kc4 Rxg3 42. Re8+ Kf7 43. R1e7+ Kf6 44. Rxh7 Rc6+ 45. Kd4 Nf5+ 46. Kd5 Rd3+ 47. Ke4 Re3+ 0-1